[Event "87th Spanish Championship 2022"]
[Site "Linares"]
[Date "2022.08.15"]
[Round "6.6"]
[White "Lopez Martinez, Josep Manuel"]
[Black "Silva Lucena, Cristian"]
[Result "1/2-1/2"]
[ECO "E83"]
[WhiteElo "2486"]
[BlackElo "2212"]
[Annotator "TA"]
[PlyCount "190"]
[EventDate "2022.08.11"]
[EventType "swiss"]
[EventCountry "ESP"]
[SourceTitle "playchess.com"]
[Source "ChessBase"]
[SourceQuality "1"]
[TimeControl "5400+30"]

1. d4 Nf6 2. c4 g6 3. Nc3 Bg7 4. e4 d6 5. f3 O-O 6. Nge2 Nc6 7. Be3 a6 8. Qd2 Na5 {[%emt 0:00:14] E83: King's Indian: Sämisch Panno (6...Nc6): Lines without either Nge2 or Qd2.} 9. Nc1 Nd7 10. Nb3 Nxb3 {[%emt 0:00:47] White is slightly better.} 11. axb3 c5 12. Be2 (12. d5 $14) 12... cxd4 $11 13. Bxd4 Bxd4 14. Qxd4 Nc5 15. Bd1 e5 16. Qd2 Ne6 {[%emt 0:03:33] [#]} 17. O-O $146 ({Predecessor:} 17. h4 Rb8 18. h5 Nf4 19. g3 Ne6 20. Kf2 g5 21. h6 b5 22. cxb5 axb5 23. b4 {½-½ (55) Galperin,I (2204)-Zemlyanov,S (2355) ICCF email 2015}) 17... Nd4 18. Kh1 Be6 19. Ne2 Nc6 20. f4 exf4 21. Nxf4 Ne5 22. Qd4 Qc7 23. Be2 a5 24. Rad1 Rad8 25. h3 b6 26. Qc3 Qc5 27. Nd5 Bxd5 28. Rxd5 Qc7 29. Rfd1 Rfe8 30. Qe3 Re6 31. Qd2 Qe7 32. Qd4 Qc7 33. Bf3 Nc6 34. Qf2 Ne5 35. Rb5 Rb8 36. Qd4 Nc6 37. Qf2 Ne5 38. Be2 h5 39. Qg3 Kh7 40. Qf2 Kg7 41. Rbd5 Rd8 42. Qg3 Kh7 43. Rf1 Qe7 44. Qf2 Rb8 45. Rb5 Qc7 46. Rd1 Kg7 47. Rd2 Kh7 (47... Nd7 {is interesting.} 48. Rd1 Nc5 49. Bf3 Qe7) 48. Qg3 Rd8 49. Qc3 Rb8 50. b4 ({Better is} 50. Qg3 $11) 50... axb4 $15 51. Qxb4 Nc6 52. Qc3 Rxe4 {[%emt 0:00:15] Threatens to win with ...Ra8.} 53. Rbd5 (53. Qf6 $15) 53... Rbe8 $17 54. Bf1 Rf4 55. Rd1 Ne7 56. R5d4 Rxd4 57. Qxd4 Nf5 58. Qf2 Qc5 59. Kg1 Kg7 60. Rd5 Qxf2+ 61. Kxf2 {[%emt 0:00:01][%mdl 4096] Endgame [#] KRB-KRN} Re5 $1 {[%emt 0:00:10] Strongly threatening ...Rxd5.} 62. Rd3 b5 63. cxb5 Rxb5 64. Rd2 Rb4 65. Bd3 Kf6 66. Bxf5 Kxf5 ({But not} 66... gxf5 $6 67. Rxd6+ Kg5 68. Rd2 $11) 67. Rxd6 Rxb2+ {[%emt 0:00:12] KR-KR} 68. Kg1 h4 69. Rd4 Kg5 70. Rg4+ Kh5 71. Ra4 f5 72. Ra6 Rb3 73. Kf2 Rg3 74. Rb6 Kg5 75. Ra6 Rb3 76. Ra4 Rb2+ 77. Kf3 Rb1 78. Kf2 Rb8 79. Kf3 Re8 80. Rb4 Re1 81. Ra4 Rf1+ 82. Ke3 Rb1 (82... Rc1 $17 83. Kf3 Rc5) 83. Kf3 (83. Kf2 $1 $11) 83... Rb3+ 84. Kf2 Kh5 ({Black should try} 84... Rc3 $17 85. Ra6 Rc5) 85. Ra5 (85. Ra6 $11) 85... Rb4 86. Kf3 Kg5 87. Ra6 Rb3+ 88. Kf2 Rg3 89. Ra4 f4 (89... Rd3 $17 90. Ra6 Kh5) 90. Rb4 ({White should play} 90. Ra5+ $11 Kh6 91. Ra4) 90... Re3 $15 {[%emt 0:00:48] Black is slightly better.} 91. Rb5+ Kf6 92. Ra5 Re5 93. Ra6+ Kf5 94. Ra3 g5 95. Kf3 Rd5 {[%emt 0:00:52] And White is the lucky defender.  Weighted Error Value: White=0.09 (flawless) /Black=0.05 (flawless)} 1/2-1/2

[Event "87th Spanish Championship 2022"]
[Site "Linares"]
[Date "2022.08.15"]
[Round "6.7"]
[White "Domingo Nunez, Ruben"]
[Black "Asis Gargatagli, Hipolito"]
[Result "1-0"]
[ECO "A10"]
[WhiteElo "2361"]
[BlackElo "2514"]
[Annotator "TA"]
[PlyCount "61"]
[EventDate "2022.08.11"]
[EventType "swiss"]
[EventCountry "ESP"]
[SourceTitle "playchess.com"]
[Source "ChessBase"]
[SourceQuality "1"]
[TimeControl "5400+30"]

1. c4 f5 2. g3 Nf6 3. Bg2 g6 4. Nc3 Bg7 5. d4 O-O 6. Nh3 d6 7. Nf4 e6 {[%emt 0:00:44] A86: Dutch Defence: Leningrad System: Unusual lines and 5 Nh3.} 8. h4 c6 9. h5 e5 {[%emt 0:00:05] The position is equal.} 10. h6 (10. hxg6 {feels hotter.} exf4 11. gxh7+ Kh8 12. Bxf4 Na6 13. e3) 10... Bh8 11. dxe5 dxe5 12. Qxd8 Rxd8 {[%emt 0:00:09] [#]} 13. Nh3 $146 ({Predecessor:} 13. Nd3 e4 14. Nf4 Ng4 15. Bd2 Nxf2 16. Kxf2 Rxd2 17. Ke3 Rxb2 18. Rad1 Nd7 19. Nxe4 fxe4 {0-1 (30) Balaskas,P (2074)-Rychagov,A (2538) Paleochora 2010}) 13... Be6 14. b3 $1 e4 {[%emt 0:00:18][%cal Of6d5] Hoping for ...Nd5!} 15. Bd2 Ng4 16. O-O-O Na6 17. f3 e3 18. Be1 Nf2 (18... Nxh6 $2 19. Ng5 $18) 19. Nxf2 exf2 20. Rxd8+ Rxd8 21. Bd2 Be5 22. f4 Bd6 (22... Bd4 $5 ) 23. Be3 $1 Bb4 24. Nd1 Ba3+ 25. Kb1 Bc5 ({Black should play} 25... Bf7 $14) 26. Bxc5 $16 Nxc5 27. Kc2 Na6 28. Kc3 {[%emt 0:00:39] Prevents Nb4.} ({Of course not} 28. Nxf2 $6 Nb4+ 29. Kc3 Nxa2+ 30. Kc2 Nb4+ 31. Kc3 Na2+ 32. Kc2 Nb4+ 33. Kc3 Na2+ $11) 28... b5 (28... f1=R $16 29. Rxf1 Kf8) 29. Nxf2 $18 {[%emt 0:03:58] White has a decisive advantage.} bxc4 30. bxc4 ({Stronger than} 30. Bxc6 cxb3 31. Bb5 Nc7 $15) 30... Nc5 31. Rd1 {[%emt 0:01:23] Weighted Error Value: White=0.05 (flawless) /Black=0.23 (precise)} ({Less strong is} 31. Bxc6 Rc8 $14) 1-0

[Event "87th Spanish Championship 2022"]
[Site "Linares"]
[Date "2022.08.15"]
[Round "6.8"]
[White "Fernandez Garcia, Jose Luis"]
[Black "Plazuelo Pascual, Juan"]
[Result "1/2-1/2"]
[ECO "B51"]
[WhiteElo "2362"]
[BlackElo "2448"]
[Annotator "TA"]
[PlyCount "62"]
[EventDate "2022.08.11"]
[EventType "swiss"]
[EventCountry "ESP"]
[SourceTitle "playchess.com"]
[Source "ChessBase"]
[SourceQuality "1"]
[TimeControl "5400+30"]

1. e4 c5 2. Nf3 d6 3. Bb5+ Nd7 4. d4 cxd4 5. Qxd4 a6 6. Bxd7+ Bxd7 7. Nc3 e5 8. Qd3 {[%emt 0:00:14] B51: Sicilian: Moscow Variation (3 Bb5+) without 3...Bd7.} Rc8 9. O-O h6 10. Re1 {[%emt 0:00:24] White has an edge.} Nf6 11. Nd2 Qc7 12. Nf1 Be6 {[%emt 0:02:56] [#]} 13. Qg3 $146 ({Predecessor:} 13. Ne3 Be7 14. Rd1 O-O 15. a4 Bc4 16. Nxc4 Qxc4 17. a5 Qxd3 18. Rxd3 {½-½ (29) Grandelius,N (2659)-Duda,J (2755) Prague 2020}) 13... b5 14. a3 Qc6 15. Bd2 g6 16. h3 Bg7 17. Qf3 d5 18. exd5 Nxd5 19. Nxd5 Qxd5 20. Qxd5 Bxd5 21. Bc3 Be6 {[%emt 0:07:24] The position is equal.} 22. a4 O-O 23. axb5 axb5 24. Ra5 Bd7 25. Ra7 Bf5 26. Ne3 Be6 27. Ra5 Rb8 28. Rd1 Rfc8 29. Rd6 Rb7 30. Rda6 h5 31. g4 hxg4 {[%emt 0:02:45] Weighted Error Value: White=0.07 (flawless) /Black=0.04 (flawless)} 1/2-1/2

[Event "87th Spanish Championship 2022"]
[Site "Linares"]
[Date "2022.08.15"]
[Round "6.9"]
[White "Garcia Ramos, Daniel"]
[Black "Medarde Santiago, Luis Marcos"]
[Result "1-0"]
[ECO "B90"]
[WhiteElo "2438"]
[BlackElo "2330"]
[Annotator "TA"]
[PlyCount "109"]
[EventDate "2022.08.11"]
[EventType "swiss"]
[EventCountry "ESP"]
[SourceTitle "playchess.com"]
[Source "ChessBase"]
[SourceQuality "1"]
[TimeControl "5400+30"]

1. e4 c5 2. Nf3 d6 3. d4 cxd4 4. Nxd4 Nf6 5. Nc3 a6 6. f3 e5 7. Nb3 Be7 8. Be3 Be6 9. Qd2 h5 10. O-O-O Nbd7 11. Kb1 Rc8 {[%emt 0:06:24] is recently more successful than 11...b5.} 12. a3 $1 {[%emt 0:03:22] B90: Sicilian Najdorf: Unusual White 6th moves, 6 Be3 Ng4 and 6 Be3 e5.} b5 13. h4 O-O 14. Bg5 {[%emt 0:00:16] The position is equal.} Re8 15. Be2 Qb6 {[%emt 0:15:54] [#]} 16. g3 $146 ({Predecessor:} 16. Rhg1 Bf8 17. Nc1 Rc7 18. N1a2 Rec8 19. Rc1 Qb7 20. Rgd1 Rc5 21. Be3 R5c7 22. Bg5 {0-1 (36) Inarkiev,E (2693)-Vidit,S (2707) Danzhou 2019}) 16... Nc5 17. Bxf6 Nxb3 18. cxb3 Bxf6 19. b4 Red8 20. g4 Bb3 21. g5 Be7 (21... Bxd1 $2 22. gxf6 Bc2+ 23. Qxc2 $18) 22. Nd5 Bxd5 23. Qxd5 {[%emt 0:00:01] Black must now prevent g6.} g6 24. Bd3 Rc7 25. Bc2 a5 26. Bb3 Bf8 27. bxa5 Qxa5 28. Rc1 Rdc8 {[%emt 0:02:02] [#]} (28... Rdd7 $16) 29. Rc6 $3 $40 {[%emt 0:00:33][%mdl 640] And now Rhc1 would win. White is out for blood.} Qa7 30. Rhc1 ({White has to play} 30. Rxc7 $16 Rxc7 31. Qxb5) 30... Rxc6 $11 31. Rxc6 Rxc6 32. Qxc6 {[%emt 0:00:01][%mdl 4096] Endgame KQB-KQB} Qe3 $2 {[%emt 0:04:04] White leaves nothing to chance now.} (32... Qf2 $11) 33. Qxb5 $18 {[%emt 0:00:22] [#] Hoping for Qb7. Active counter play!} d5 $2 (33... Qc5 {is tougher.} 34. Qd7 d5 35. Bxd5 Qe7) 34. Qxd5 Qxf3 35. Ka2 Qf2 36. a4 Bc5 (36... Qa7 $142 37. Qxe5 Bc5 38. Qe8+ Kg7) 37. Qb7 Kf8 38. Qb8+ (38. a5 $142 Kg7 39. Bc4) 38... Ke7 39. Qxe5+ (39. a5 $142 {White threatens Ba4 and mate.} Bd6 40. Qb7+ Kf8 41. a6) 39... Kf8 40. Qb8+ Kg7 41. Qb7 Bd4 42. Bd5 {[%emt 0:00:06] a5 is the strong threat.} Bb6 43. e5 Qf4 44. Bb3 Bd4 45. e6 Bxb2 46. Kxb2 {[%emt 0:00:32] White mates.} Qd2+ 47. Bc2 Qd4+ 48. Ka2 Qc4+ 49. Qb3 Qxh4 50. Qc3+ Kf8 51. Qh8+ Ke7 52. Qf6+ Kd6 53. exf7+ Kd7 54. f8=Q Qc4+ 55. Kb2 {[%emt 0:00:11] Weighted Error Value: White=0.52/Black=0.74} 1-0

[Event "87th Spanish Championship 2022"]
[Site "Linares"]
[Date "2022.08.15"]
[Round "6.10"]
[White "Moreno Ruiz, Javier"]
[Black "Macias Pino, Diego"]
[Result "1-0"]
[ECO "A20"]
[WhiteElo "2428"]
[BlackElo "2355"]
[Annotator "TA"]
[PlyCount "79"]
[EventDate "2022.08.11"]
[EventType "swiss"]
[EventCountry "ESP"]
[SourceTitle "playchess.com"]
[Source "ChessBase"]
[SourceQuality "1"]
[TimeControl "5400+30"]

1. c4 e5 2. g3 Nf6 3. Bg2 c6 4. d4 Bb4+ 5. Bd2 Bxd2+ 6. Qxd2 d6 7. Nc3 O-O 8. e3 {[%emt 0:00:39] A20: English Opening: 1...e5.} Re8 9. Nge2 e4 10. h3 {[%emt 0:08:53] The position is equal.} d5 11. cxd5 cxd5 12. g4 {[%emt 0:00:51] [#]} Nc6 $146 ({Predecessor:} 12... h6 13. O-O Nc6 14. Rae1 h5 15. g5 Nh7 16. h4 f6 17. g6 Nf8 18. Nf4 Ne7 {1-0 (34) Kurtz,E (2023)-Baim,E (1655) Dulles 2022}) 13. Ng3 h6 14. O-O Be6 15. f3 exf3 16. Rxf3 Nh7 17. Raf1 Ne7 18. R3f2 Ng6 19. e4 dxe4 20. Ngxe4 ({Of course not} 20. d5 e3 21. Qxe3 Bxd5 $1 $17) 20... Bc4 21. Rd1 Nh4 22. Bh1 Qc7 (22... Ng6 $14) 23. d5 $1 $16 Qe5 (23... Ng5 $2 24. d6 Qa5 25. Nxg5 hxg5 26. d7 (26. Bxb7 Rad8 $18)) 24. Qd4 $1 Qxd4 25. Rxd4 Ba6 26. d6 {[%emt 0:06:24] Hoping for d7.} Rad8 27. Nd5 {[%emt 0:07:36] Threatens to win with Ne7+.} ({Much worse is} 27. d7 Re7 $11) 27... Re5 28. b4 {[%emt 0:06:20] White is much more active.} ({White should try} 28. Ne7+ $16 Kf8 29. Kh2) 28... Bb5 $14 29. Nec3 $36 {[%emt 0:05:28][%mdl 2048] White fights for an advantage.} Be8 30. Re4 Rxe4 31. Nxe4 Kf8 $2 {[%emt 0:00:59] [#] This costs Black the game.} (31... Ng6 $14) 32. Nc7 $1 $18 {[%emt 0:00:36] And now Ne6+ would win.} Bd7 {[%emt 0:01:07] [#] Prevents Ne6+.} 33. Nc5 $1 Ng5 {[%emt 0:00:02] Prevents N5e6+.} 34. Re2 Ne6 $2 (34... Nxh3+ 35. Kh2 Bxg4) 35. Nxb7 {[%emt 0:02:47] White is clearly winning.} ({Less strong is} 35. N5xe6+ fxe6 36. Nxe6+ Bxe6 $18) 35... Rc8 36. Nc5 Rd8 37. Rxe6 fxe6 38. N7xe6+ {[%emt 0:00:16] Pair of Knights!} Ke8 39. Nxd8 Kxd8 40. Be4 {[%emt 0:00:42] Weighted Error Value: White=0.07 (flawless) /Black=0.38} 1-0

[Event "87th Spanish Championship 2022"]
[Site "Linares"]
[Date "2022.08.15"]
[Round "6.11"]
[White "Merario Alarcon, Andres"]
[Black "Fernandez Lopez, Ruben"]
[Result "1-0"]
[ECO "D35"]
[WhiteElo "2418"]
[BlackElo "2324"]
[Annotator "TA"]
[PlyCount "95"]
[EventDate "2022.08.11"]
[EventType "swiss"]
[EventCountry "ESP"]
[SourceTitle "playchess.com"]
[Source "ChessBase"]
[SourceQuality "1"]
[TimeControl "5400+30"]

1. d4 d5 2. c4 e6 3. Nc3 Nf6 4. cxd5 exd5 5. Bg5 Be7 6. e3 O-O 7. Bd3 Re8 8. Nge2 Nbd7 9. O-O {[%emt 0:01:10] 9.Qc2 is not played anymore.} Nf8 10. Rc1 {[%emt 0:07:42] D35: Queen's Gambit Declined: Exchange Variation.} Ne6 11. Bh4 c6 12. f3 {[%emt 0:01:47] The position is equal.} g6 13. Bf2 {[%emt 0:03:29] [#]} c5 $146 (13... Nh5 $11) ({Predecessor:} 13... Ng7 14. e4 Be6 15. Nf4 Rc8 16. Nxe6 Nxe6 17. Ne2 Qd7 18. e5 Nh5 19. Be3 c5 {1-0 (28) Collins,A-Navratil,J (1846) Prague 2007}) 14. dxc5 $14 Bxc5 15. Bc2 b5 16. Bb3 Bb7 17. Nxb5 Qb6 18. Nbd4 Ba6 19. Re1 Bxe2 20. Rxe2 Nxd4 21. exd4 Rxe2 22. Qxe2 (22. dxc5 $14 Qe6 23. Kf1) 22... Bxd4 $11 23. Rd1 Bxf2+ 24. Qxf2 Qd6 25. Qd4 Kg7 26. Re1 (26. Bxd5 Rd8 27. Qxa7 Nxd5 $17) 26... a5 27. g4 {[%emt 0:03:23] Threatens to win with g5.} h6 ({But not} 27... Qb4 28. Qxb4 axb4 29. Re7 $16 (29. g5 Nh5 $14)) 28. Kg2 Rb8 29. Qa7 $1 Qb4 30. Re7 Qd2+ 31. Qf2 Qc1 32. Rxf7+ Kxf7 33. Qa7+ Ke6 34. Qxb8 Qxb2+ {[%emt 0:00:21][%mdl 4096] Endgame KQB-KQN} 35. Kh3 {[%emt 0:00:25][%cal Ob3d5] Hoping for Bxd5+!} Qc3 36. Qf4 g5 37. Qf5+ Kd6 38. Kg2 Kc5 39. Qc8+ Kd4 40. Qe6 {[%emt 0:01:53] Really sharp!} Qd2+ 41. Kg3 Qf4+ 42. Kg2 Kc3 43. Qc6+ Kb2 $2 (43... Kd2 $11) 44. Qc2+ $18 Ka3 {[%emt 0:00:14] [#]} 45. Qc5+ (45. Bxd5 $1 $16 Qe3 46. Bc6) 45... Kb2 $11 46. Qc2+ $2 (46. Qf2+ $11 Kc3 47. Qc5+ Kd3 48. Qb5+ (48. Qxa5 Qe5 $16) 48... Ke3 49. Bxd5) 46... Ka3 $1 $18 {[%emt 0:00:03] [#]} 47. Bxd5 $1 Kb4 (47... Qe3 $16 48. Bc6 h5) 48. a3+ $1 {[%emt 0:00:43] Weighted Error Value: White=0.08 (flawless) /Black=0.38} 1-0

[Event "87th Spanish Championship 2022"]
[Site "Linares"]
[Date "2022.08.15"]
[Round "6.12"]
[White "Lianes Garcia, Marcos"]
[Black "De La Cruz Revilla, Miguel"]
[Result "1-0"]
[ECO "B42"]
[WhiteElo "2411"]
[BlackElo "2213"]
[Annotator "TA"]
[PlyCount "65"]
[EventDate "2022.08.11"]
[EventType "swiss"]
[EventCountry "ESP"]
[SourceTitle "playchess.com"]
[Source "ChessBase"]
[SourceQuality "1"]
[TimeControl "5400+30"]

1. e4 c5 2. Nf3 e6 3. d4 cxd4 4. Nxd4 a6 5. Bd3 Bc5 6. Nb3 Ba7 7. Qg4 {[%emt 0:01:10] B42: Sicilian: Kan Variation: 5 Bd3.} Qf6 8. f4 {[%emt 0:00:47] Active counter play!} d6 {[%emt 0:08:31] Against e5} (8... d5 $11) 9. Nc3 $16 {[%emt 0:05:30] Hoping for Nd5. White is better.} h5 10. Qg3 h4 11. Qf3 Nc6 {[%emt 0:00:54] Prevents e5.} 12. Be3 {[%emt 0:11:27] [#]} Ne5 $146 ({Predecessor:} 12... g5 13. Bxa7 Rxa7 14. f5 Qh6 15. O-O Nge7 16. Rad1 Ra8 17. Be2 exf5 18. exf5 Bxf5 {1-0 (37) Almasi,Z (2650)-Votava,J (2505) Germany 2004}) 13. Qe2 Bxe3 14. Qxe3 Nxd3+ 15. cxd3 Ne7 16. O-O-O Bd7 17. Kb1 b5 18. Rhf1 O-O 19. g4 hxg3 (19... a5 $14) 20. hxg3 $18 b4 21. Ne2 a5 {[%emt 0:00:42] [#]} 22. g4 $1 g6 {[%emt 0:01:26] [#]} (22... a4 {was worth a try.}) 23. e5 $2 (23. f5 $1 $18) 23... Nd5 $14 24. Qg3 dxe5 25. fxe5 (25. Nc5 $5 Qe7 26. Nxd7 Qxd7 27. fxe5 $11) 25... Qg5 (25... Qe7 $1 $14) 26. Nc5 $18 Bc6 (26... Qe7) 27. Ne4 {[%emt 0:00:35] Pair of Knights!} Qe3 {[%emt 0:00:31] [#]} (27... Qe7 $142 28. Nd4 Nc3+ 29. bxc3 bxc3) 28. Qh4 $1 {[%emt 0:01:46][%cal Of1h1] Intending Rh1! and mate.} Kg7 {[%emt 0:00:14] [#]} (28... f6 29. exf6) 29. Ng5 $1 Rh8 {[%emt 0:00:47] Prevents Qh7+.} (29... Qxg5 30. Qxg5) 30. Rxf7+ Kg8 31. Rh7 {[%emt 0:00:12] White mates.} Rxh7 32. Qxh7+ Kf8 33. Qf7# {[%emt 0:00:04] Weighted Error Value: White=0.15 (very precise) /Black=0.55} 1-0

[Event "87th Spanish Championship 2022"]
[Site "Linares"]
[Date "2022.08.15"]
[Round "6.13"]
[White "Tejedor Fuente, Enrique"]
[Black "Jimenez Bernal, Francisco"]
[Result "1/2-1/2"]
[ECO "B96"]
[WhiteElo "2419"]
[BlackElo "2149"]
[Annotator "TA"]
[PlyCount "85"]
[EventDate "2022.08.11"]
[EventType "swiss"]
[EventCountry "ESP"]
[SourceTitle "playchess.com"]
[Source "ChessBase"]
[SourceQuality "1"]
[TimeControl "5400+30"]

1. e4 c5 2. Nf3 d6 3. d4 cxd4 4. Nxd4 Nf6 5. Nc3 a6 6. Bg5 e6 7. f4 b5 8. e5 dxe5 9. fxe5 Qc7 10. exf6 Qe5+ 11. Qe2 {[%emt 0:02:10] B96: Sicilian Najdorf: 6 Bg5 e6 7 f4, lines other than 7...Qb6 and 7...Be7.} Qxg5 12. Ne4 (12. Qe4 Ra7 13. Nf3 Qxf6 $15) 12... Qe5 13. O-O-O $1 {[%emt 0:07:30] The position is equal.} Ra7 $1 14. Nf3 Qf4+ 15. Kb1 ({Don't play} 15. Qd2 Qxd2+ 16. Nfxd2 (16. Rxd2 gxf6 17. Nd6+ Bxd6 $17) 16... gxf6 17. Nxf6+ Ke7 $15) 15... Rd7 16. Rxd7 Nxd7 17. g3 Qc7 18. fxg7 Bxg7 19. Qd2 O-O $1 {[%emt 0:07:27] ...Bb7 is the strong threat.} 20. Qd6 Qxd6 (20... Qd8 {keeps more tension.} 21. Bd3 Bb7 22. Rf1 Bd5) 21. Nxd6 {[%emt 0:00:13] [#]} Nc5 $146 ({Predecessor:} 21... Nb6 22. Nxc8 Rxc8 23. c3 Na4 24. Bd3 Nxb2 25. Bc2 Nc4 {0-1 (25) Stein,L-Sakharov,Y Kiev 1960}) 22. Bd3 (22. Nxc8 $11 Rxc8 23. c3) 22... Bd7 $17 23. Ng5 {[%emt 0:07:17] [#]} (23. Ne4 $17 Nxd3 24. cxd3) 23... f5 $1 $19 24. Rd1 e5 $2 (24... Bf6 $19 25. Nf3 Bc6) 25. Be2 $15 e4 (25... h6 $5 26. Nf3 Be6 $15) 26. Nb7 {[%emt 0:08:51] Pair of Knights!} Ne6 27. Rxd7 Nxg5 28. a4 bxa4 29. Bxa6 Nf3 30. Nc5 Rb8 31. Nxa4 Nxh2 32. c3 (32. Rd5 $11 {is more appropriate.}) 32... Be5 ({Black should play} 32... Ng4 $1 $15) 33. Bc4+ $11 Kh8 34. Rf7 $1 Nf3 {[%emt 0:06:45] aiming for ...Nd2+.} 35. Be2 (35. Kc1 $11 {keeps the balance.}) 35... Ng1 (35... Bxg3 $17 {Threatens to win with ...f4.} 36. Nc5 Ng1) 36. Rxf5 ({Better is} 36. Bh5 $1 $15) 36... Re8 $2 (36... Bxg3 $17 {and life is bright.} 37. Bg4 Rg8) 37. Bh5 Re7 38. Rf1 Nh3 39. Nc5 Bxg3 {[%emt 0:00:25] Strongly threatening ...Nf4.} 40. b4 $2 {[%emt 0:00:43] White does not recover from this.} (40. Rf8+ $11 {and White stays safe.} Kg7 41. Rf5) 40... Nf4 $19 41. Bg4 {[%emt 0:00:30] [#]} e3 $1 42. Kc2 e2 43. Bxe2 {[%emt 0:00:01] Weighted Error Value: White=0.35/Black=0.29 (precise)} 1/2-1/2

[Event "87th Spanish Championship 2022"]
[Site "Linares"]
[Date "2022.08.15"]
[Round "6.14"]
[White "Alshameary Puente, Ismael"]
[Black "Alonso Garcia, Aaron"]
[Result "0-1"]
[ECO "E16"]
[WhiteElo "2352"]
[BlackElo "2374"]
[Annotator "TA"]
[PlyCount "130"]
[EventDate "2022.08.11"]
[EventType "swiss"]
[EventCountry "ESP"]
[SourceTitle "playchess.com"]
[Source "ChessBase"]
[SourceQuality "1"]
[TimeControl "5400+30"]

1. d4 Nf6 2. c4 e6 3. Nf3 Bb4+ 4. Bd2 Qe7 5. e3 b6 6. Bd3 Bb7 7. O-O Bxd2 8. Nbxd2 d6 {[%emt 0:00:21] E11: Bogo-Indian.} 9. e4 e5 10. Re1 O-O {[%emt 0:00:31] [#] The position is equal.} 11. Rb1 $146 ({Predecessor:} 11. Nb1 c5 12. d5 Nbd7 13. Nc3 Nh5 14. g3 g6 15. Nh4 Ng7 16. Qc2 Nf6 17. a3 {0-1 (52) Mohammad Fahad,R (2409)-Martinez Alcantara,J (2598) Chess.com INT 2022}) 11... a5 12. Rc1 c5 13. d5 Bc8 14. Nf1 Nh5 15. Ne3 g6 16. g3 Ng7 17. Nh4 a4 18. a3 Ra7 19. Qd2 Qd8 20. Nhg2 Re7 21. f3 ({White should try} 21. Qc2 $14) 21... Qe8 (21... f5 $11 {keeps the balance.}) 22. Nd1 (22. Ng4 {seems wilder.} f5 23. Nh6+ Kh8 24. Qg5) 22... Na6 23. Nc3 Nc7 24. Rb1 f5 25. Rf1 Ref7 26. Qc2 ({White should play} 26. b3 $16) 26... Bd7 (26... f4 {looks sharper.} 27. gxf4 Nh5 28. f5 gxf5 29. Kh1 fxe4 30. fxe4 Bg4) 27. b3 fxe4 (27... f4 {with more complications.} 28. gxf4 axb3 29. Rxb3 Bh3) 28. fxe4 axb3 29. Qxb3 (29. Rxb3 {is interesting.} Na8 30. Ne3 Nh5 31. Rxf7 Rxf7 32. Qd2) 29... Rxf1+ 30. Rxf1 Rxf1+ 31. Bxf1 Qb8 32. Ne3 Nge8 33. Na4 Na8 34. Nc3 Nf6 35. Bd3 Kf7 36. Nb5 Ke7 37. Nd1 Qf8 38. Nbc3 h5 39. Qb2 Qh6 40. Qe2 Qc1 41. Qb2 Qg5 42. Kg2 h4 43. Qf2 Ng4 {[%emt 0:05:11] Really sharp!} 44. Qe1 Nc7 45. Kg1 hxg3 46. Qxg3 {[%emt 0:00:01] [#] Hoping for h3.} Qh6 47. Be2 $1 Nf6 48. Qe3 g5 49. Nf2 Nce8 50. Ncd1 (50. Bd1 $11) 50... Qh4 (50... Ng7 $17) 51. Qg3 $15 Qf4 52. Ne3 Ng7 53. Qf3 Be8 54. Ng2 Qc1+ 55. Bf1 $1 Bg6 56. h4 (56. Qe3 $142 Qxe3 57. Nxe3) 56... Bh5 57. Qd3 (57. Qe3 $142 Qxe3 58. Nxe3) 57... g4 $17 ({Not} 57... gxh4 58. Nxh4 Qg5+ 59. Ng2 $17) 58. Kh2 Bg6 (58... Qb2 $142 59. Qe3 Qd4) 59. Be2 Qb2 {[%emt 0:00:43] And now ...Ngh5 would win. 0x0.0020b3d2da60dp-1022s more active pieces.} 60. Kg1 $2 {[%emt 0:00:27][%mdl 8192] Now White is beyond hope.} (60. Qe3 $15) 60... Ngh5 $19 {[%emt 0:01:24] Black is clearly winning.} 61. Nxg4 (61. Nd1 $142 Qa2 62. Nc3 Qxa3 63. Qd2) 61... Bxe4 62. Qe3 Nxg4 63. Qxe4 Qc1+ 64. Bf1 {[%emt 0:00:23] [#]} Qxf1+ $3 65. Kxf1 Ng3+ {[%emt 0:00:01] Weighted Error Value: White=0.36/Black=0.09 (flawless)} 0-1